Panthers vs Senateurs
Created - March 26, 2024 at 19:07
Goals
|
| Panthers |
1 |
2 |
1 |
1 |
5 |
| Senateurs |
3 |
0 |
1 |
0 |
4 |
|
Shots
|
| Panthers |
14 |
4 |
8 |
2 |
28 |
| Senateurs |
14 |
9 |
7 |
1 |
31 |
|
1st period
1. Senateurs , Erik Gudbranson 9 (Jordan Martinook 19, Eric Gelinas 22) at 1:01 (PP)
2. Senateurs , Michael Frolik 22 (Nick Bjugstad 30) at 18:01 (PP)
3. Senateurs , Derick Brassard 31 (Nick Bjugstad 31, Michael Frolik 19) at 18:38 (PP)
4. Panthers , Alex Iafallo 14 (Miro Aaltonen 25, Niklas Hansson 14) at 18:58
Penalties :
Mikkel Boedker (Flo) for Holding (Minor) at 0:17, Michael Frolik (Ott) for Tripping (Minor) at 3:58, Victor Oreskovich (Flo) for Holding (Minor) at 6:37, Kirill Kaprizov (Flo) for High sticking (Minor) at 17:51, Victor Oreskovich (Flo) for Roughing (Minor) at 18:24
2nd period
5. Panthers , Alex Pietrangelo 14 (Victor Oreskovich 12, Griffin Reinhart 21) at 1:42 (PP)
6. Panthers , Jerry D'Amigo 8 (Blake Geoffrion 5, Quinton Howden 14) at 10:05
Penalties :
Taylor Chorney (Ott) for Tripping (Minor) at 1:07, Mikkel Boedker (Flo) for Hooking (Minor) at 13:36
3rd period
7. Senateurs , Jordan Martinook 14 (Brandon Sutter 43) at 7:46 (PP)
8. Panthers , Kris Versteeg 34 (Mikkel Boedker 40, Matt Duchene 63) at 19:33
Penalties :
Victor Oreskovich (Flo) for Holding (Minor) at 3:28, Alex Pietrangelo (Flo) for Hooking (Minor) at 7:13, Matt Duchene (Flo) for Holding (Minor) at 8:07
Overtime #1
9. Panthers , Alex Iafallo 15 (Alex Pietrangelo 51, Kris Versteeg 42) at 0:37
Penalties :
No Penalty
Goalie Stats
Ville Husso (Flo), 27 saves from 31 shots - (0.871), W, 24-13-2, 59:49 minutes
Martin Jones (Ott), 23 saves from 28 shots - (0.821), OTL, 23-23-7, 60:37 minutes
Players Stats for Panthers
Player Name G A P +/- PIM S H SB GA TA FO MP PP MP PK MP
------------------------------------------------------------------------------------
Alex Iafallo 2 0 2 2 0 3 0 0 0 0 0/0 16:40 0:00 3:48
Alex Pietrangelo 1 1 2 3 2 6 2 1 1 0 0/0 27:39 2:34 3:31
Blake Geoffrion 0 1 1 1 0 0 0 0 0 1 0/0 8:18 0:00 1:42
Dion Phaneuf 0 0 0 0 0 2 1 1 0 0 0/0 19:24 0:00 4:40
Griffin Reinhart 0 1 1 1 0 0 2 0 0 0 0/0 18:46 2:34 0:32
Jerry D'Amigo 1 0 1 1 0 2 0 0 0 0 0/0 7:05 0:00 0:00
John Draeger 0 0 0 1 0 0 0 0 1 1 0/0 15:30 0:00 4:26
Jordan Staal 0 0 0 1 0 1 0 2 0 1 2/5 11:57 0:00 1:13
Kirill Kaprizov 0 0 0 0 2 0 1 0 0 0 0/0 11:19 0:30 0:07
Kris Versteeg 1 1 2 1 0 2 2 2 0 2 1/3 23:57 2:04 3:37
Matt Duchene 0 1 1 1 2 6 3 0 2 0 5/14 20:58 2:04 0:00
Mikkel Boedker 0 1 1 1 4 5 3 1 0 0 1/1 19:43 2:04 0:00
Miro Aaltonen 0 1 1 1 0 0 3 1 0 0 7/21 17:09 0:30 3:44
Niklas Hansson 0 1 1 1 0 1 1 2 0 1 0/0 25:11 0:00 4:57
Petr Straka 0 0 0 0 0 0 1 0 0 0 0/0 10:35 0:00 0:00
Quinton Howden 0 1 1 1 0 0 0 0 0 0 5/7 11:59 0:00 5:03
Victor Oreskovich 0 1 1 1 6 0 0 0 0 0 0/0 13:28 0:30 0:00
Viktor Baldayev 0 0 0 1 0 0 2 0 0 1 0/0 12:28 0:00 1:08
Players Stats for Senateurs
Player Name G A P +/- PIM S H SB GA TA FO MP PP MP PK MP
------------------------------------------------------------------------------------
Brandon Sutter 0 1 1 -1 0 2 1 1 2 0 5/9 14:39 3:59 0:42
Dennis Everberg 0 0 0 0 0 0 0 0 1 0 0/0 11:11 0:53 0:00
Derick Brassard 1 0 1 -2 0 4 5 1 0 0 1/2 23:18 4:11 1:36
Dmitry Sinitsyn 0 0 0 0 0 0 1 0 0 0 0/0 13:25 0:54 0:00
Eric Gelinas 0 1 1 -3 0 0 2 1 1 3 0/0 27:36 4:50 1:34
Erik Gudbranson 1 0 1 -4 0 4 3 1 1 0 0/0 28:14 4:50 1:34
Jordan Martinook 1 1 2 0 0 4 0 1 0 0 0/0 14:32 3:57 0:58
Ladislav Smid 0 0 0 0 0 1 1 1 0 1 0/0 18:22 3:53 1:00
Mark Stuart 0 0 0 0 0 1 2 0 0 0 0/0 18:16 4:13 1:00
Michael Frolik 1 1 2 -3 2 5 1 1 2 0 1/1 21:54 4:32 0:00
Nick Bjugstad 0 2 2 -2 0 2 2 0 0 0 17/29 23:20 4:11 1:36
Pierre-Edouard Bellemare 0 0 0 -1 0 1 1 0 0 0 4/6 12:06 1:14 0:00
Riley Sheahan 0 0 0 0 0 1 0 0 0 0 0/1 13:53 3:59 0:16
Rostislav Olesz 0 0 0 -1 0 2 4 1 0 0 0/0 12:11 1:06 0:00
Taylor Chorney 0 0 0 0 2 0 1 0 0 0 0/0 13:29 0:34 0:00
Tim Schaller 0 0 0 0 0 1 0 0 0 0 0/0 10:49 0:23 0:00
Tomas Nosek 0 0 0 0 0 1 0 0 0 0 2/3 10:54 0:16 0:00
William Nylander 0 0 0 -1 0 2 1 0 0 0 0/0 11:06 0:10 0:00
3 Stars
1 - Alex Iafallo (Flo)
2 - Alex Pietrangelo (Flo)
3 - Kris Versteeg (Flo)
Power Play
Panthers - 1 on 2 Attempt(s) - 50.00%
Senateurs - 4 on 8 Attempt(s) - 50.00%
Penalty Kill
Panthers - 4 on 8 Attempt(s) - 50.00%
- Score 0 goal in Penalty Kill
Senateurs - 1 on 2 Attempt(s) - 50.00%
- Score 0 goal in Penalty Kill
Team Stat
Panthers - Hits : 21 - Faceoff Wins : 21 - Blocked Shots : 10 - Penalty Minutes : 16
Senateurs - Hits : 25 - Faceoff Wins : 30 - Blocked Shots : 8 - Penalty Minutes : 4
Official
Referees : Furman South and Frederick L'Ecuyer
Linesman : Julien Fournier and Scott Cherrey
Game Notes
17:24 of 1st period - Senateurs goal is going for a video replay. After video review, No Goal. The referee deems the play has been stopped, even if he had not physically had the opportunity to stop play by blowing his whistle.
Finance
Level 1 -- Attendance: 6000 (100.00%) -- Ticket Income $600,000
Level 2 -- Attendance: 4840 (96.80%) -- Ticket Income $290,400
Level 3 -- Attendance: 1889 (94.45%) -- Ticket Income $66,115
Level 4 -- Attendance: 3754 (93.85%) -- Ticket Income $93,850
Luxury Box -- Attendance: 880 (88.00%) -- Ticket Income $176,000
Game was played at the Centre Canadian Tire.
Total Attendance: 17363 (96.46%)
Total Ticket Income: $1,226,365
Other Income: $183,955
Total Income: $1,410,320
Panthers
5 vs 5 Forward
Center Left Wing Right Wing Time % Phy DF OF
1 Matt Duchene Mikkel Boedker Kris Versteeg 40 0 2 3
2 Miro Aaltonen Alex Iafallo Victor Oreskovich 30 0 2 3
3 Jordan Staal Kirill Kaprizov Petr Straka 20 1 2 2
4 Quinton Howden Blake Geoffrion Jerry D'Amigo 10 1 2 2
5 vs 5 Defense
Defense Defense Time % Phy DF OF
1 Alex Pietrangelo Niklas Hansson 40 0 2 3
2 Dion Phaneuf Griffin Reinhart 30 0 2 3
3 John Draeger Viktor Baldayev 20 1 2 2
4 Alex Pietrangelo Niklas Hansson 10 0 2 3
PowerPlay Forward
Center Left Wing Right Wing Time % Phy DF OF
1 Matt Duchene Mikkel Boedker Kris Versteeg 60 0 1 4
2 Miro Aaltonen Kirill Kaprizov Victor Oreskovich 40 0 1 4
PowerPlay Defense
Defense Defense Time % Phy DF OF
1 Alex Pietrangelo Griffin Reinhart 60 0 2 3
2 Dion Phaneuf Niklas Hansson 40 0 2 3
Penalty Kill 4 Players Forward
Center Wing Time % Phy DF OF
1 Quinton Howden Kris Versteeg 60 1 3 1
2 Miro Aaltonen Alex Iafallo 40 1 3 1
Penalty Kill 4 Players Defense
Defense Defense Time % Phy DF OF
1 Alex Pietrangelo Niklas Hansson 60 1 3 1
2 Dion Phaneuf John Draeger 40 1 3 1
Penalty Kill - 3 Players Forward
Forward Time % Phy DF OF
1 Kris Versteeg 60 1 3 1
2 Quinton Howden 40 1 3 1
Penalty Kill - 3 Players Defense
Defense Defense Time % Phy DF OF
1 Alex Pietrangelo Niklas Hansson 60 1 3 1
2 Dion Phaneuf John Draeger 40 1 3 1
4 vs 4 Forward
Center Wing Time % Phy DF OF
1 Matt Duchene Mikkel Boedker 60 0 2 3
2 Miro Aaltonen Kris Versteeg 40 0 2 3
4 vs 4 Defense
Defense Defense Time % Phy DF OF
1 Alex Pietrangelo Niklas Hansson 60 0 2 3
2 Dion Phaneuf Griffin Reinhart 40 1 2 2
Last Minutes Offensive
Center Left Wing Right Wing Defense Defense
Matt Duchene Mikkel Boedker Kris Versteeg Alex Pietrangelo Griffin Reinhart
Last Minutes Defensive
Center Left Wing Right Wing Defense Defense
Quinton Howden Alex Iafallo Kris Versteeg John Draeger Niklas Hansson
Goaltenders
Starting : Ville Husso
Backup : Brian Elliott
Extra Forwards
Normal : Kirill Kaprizov, Mikkel Boedker, Matt Duchene - PP : Kirill Kaprizov, Matt Duchene - PK : Miro Aaltonen
Extra Defensemen
Normal : Dion Phaneuf, Alex Pietrangelo, Niklas Hansson - PP : Alex Pietrangelo - PK : Dion Phaneuf, Niklas Hansson
Penalty Shots
Mikkel Boedker, Jordan Staal, Miro Aaltonen, Kris Versteeg, Matt Duchene
Custom OT Lines Forwards
Matt Duchene, Kris Versteeg, Alex Iafallo, Jordan Staal, Miro Aaltonen, Quinton Howden, Blake Geoffrion, Mikkel Boedker, Kirill Kaprizov, Petr Straka
Custom OT Lines Defensemen
Alex Pietrangelo, Dion Phaneuf, Niklas Hansson, John Draeger, Griffin Reinhart
Scratches
Danny DeKeiser (Chest/Ribs Injury), Nikita Tryamkin (Sprained Right Ankle Injury)
Senateurs
5 vs 5 Forward
Center Left Wing Right Wing Time % Phy DF OF
1 Nick Bjugstad Derick Brassard Michael Frolik 45 1 2 2
2 Brandon Sutter Jordan Martinook Riley Sheahan 25 1 2 2
3 Pierre-Edouard Bellemare Rostislav Olesz William Nylander 20 1 2 2
4 Tomas Nosek Tim Schaller Dennis Everberg 10 1 2 2
5 vs 5 Defense
Defense Defense Time % Phy DF OF
1 Erik Gudbranson Eric Gelinas 45 1 2 2
2 Mark Stuart Ladislav Smid 25 1 2 2
3 Taylor Chorney Dmitry Sinitsyn 20 1 2 2
4 Erik Gudbranson Eric Gelinas 10 1 2 2
PowerPlay Forward
Center Left Wing Right Wing Time % Phy DF OF
1 Nick Bjugstad Derick Brassard Michael Frolik 60 1 2 2
2 Brandon Sutter Jordan Martinook Riley Sheahan 40 1 2 2
PowerPlay Defense
Defense Defense Time % Phy DF OF
1 Erik Gudbranson Eric Gelinas 60 1 2 2
2 Mark Stuart Ladislav Smid 40 1 2 2
Penalty Kill 4 Players Forward
Center Wing Time % Phy DF OF
1 Nick Bjugstad Derick Brassard 60 1 2 2
2 Brandon Sutter Jordan Martinook 40 1 2 2
Penalty Kill 4 Players Defense
Defense Defense Time % Phy DF OF
1 Erik Gudbranson Eric Gelinas 60 1 2 2
2 Mark Stuart Ladislav Smid 40 1 2 2
Penalty Kill - 3 Players Forward
Forward Time % Phy DF OF
1 Nick Bjugstad 60 1 2 2
2 Brandon Sutter 40 1 2 2
Penalty Kill - 3 Players Defense
Defense Defense Time % Phy DF OF
1 Erik Gudbranson Eric Gelinas 60 1 2 2
2 Mark Stuart Ladislav Smid 40 1 2 2
4 vs 4 Forward
Center Wing Time % Phy DF OF
1 Nick Bjugstad Derick Brassard 60 1 2 2
2 Brandon Sutter Jordan Martinook 40 1 2 2
4 vs 4 Defense
Defense Defense Time % Phy DF OF
1 Erik Gudbranson Eric Gelinas 60 1 2 2
2 Mark Stuart Ladislav Smid 40 1 2 2
Last Minutes Offensive
Center Left Wing Right Wing Defense Defense
Nick Bjugstad Derick Brassard Michael Frolik Erik Gudbranson Eric Gelinas
Last Minutes Defensive
Center Left Wing Right Wing Defense Defense
Nick Bjugstad Derick Brassard Michael Frolik Erik Gudbranson Eric Gelinas
Goaltenders
Starting : Martin Jones
Backup : Mikko Koskinen
Extra Forwards
Normal : Riley Sheahan, Pierre-Edouard Bellemare, William Nylander - PP : Riley Sheahan, Pierre-Edouard Bellemare - PK : Riley Sheahan
Extra Defensemen
Normal : Ladislav Smid, Taylor Chorney, Dmitry Sinitsyn - PP : Ladislav Smid - PK : Ladislav Smid, Taylor Chorney
Penalty Shots
Nick Bjugstad, Derick Brassard, Brandon Sutter, Michael Frolik, Riley Sheahan
Custom OT Lines Forwards
Nick Bjugstad, Derick Brassard, Brandon Sutter, Michael Frolik, Riley Sheahan, Pierre-Edouard Bellemare, William Nylander, Jordan Martinook, Rostislav Olesz, Dennis Everberg
Custom OT Lines Defensemen
Erik Gudbranson, Eric Gelinas, Mark Stuart, Ladislav Smid, Taylor Chorney
Scratches
Kyle Rau (Healthy), Mattias Ekholm (Healthy)
% Time on Ice - Panthers
Lines # - Real PCT - Wanted PCT - Time Play
Normal Forward
1 - 37% - 40% - 17:40
2 - 28% - 30% - 12:59
3 - 22% - 20% - 10:16
4 - 13% - 10% - 6:14
Normal Defense
1 - 37% - 40% - 17:36
2 - 32% - 30% - 14:58
3 - 23% - 20% - 10:49
4 - 8% - 10% - 3:46
PP Forward
1 - 81% - 60% - 2:04
2 - 19% - 40% - 0:30
PP Defense
1 - 100% - 60% - 2:34
2 - 0% - 40% - 0:00
PK Forward
1 - 71% - 60% - 6:48
2 - 29% - 40% - 2:49
PK Defense
1 - 55% - 60% - 5:15
2 - 45% - 40% - 4:22
PK3 Forward
1 - 0% - 60%
2 - 0% - 40%
PK3 Defense
1 - 0% - 60%
2 - 0% - 40%
44 Forward
1 - 0% - 60%
2 - 0% - 40%
44 Defense
1 - 0% - 60%
2 - 0% - 40%
Last Minute Offensive - 0:40
Last Minute Defensive - 0:00
Total
Forward - 60:00
Defense - 60:00
|
% Time on Ice - Senateurs
Lines # - Real PCT - Wanted PCT - Time Play
Normal Forward
1 - 37% - 45% - 17:16
2 - 22% - 25% - 10:09
3 - 22% - 20% - 10:29
4 - 20% - 10% - 9:14
Normal Defense
1 - 43% - 45% - 20:22
2 - 28% - 25% - 13:25
3 - 26% - 20% - 12:04
4 - 3% - 10% - 1:17
PP Forward
1 - 48% - 60% - 4:39
2 - 52% - 40% - 4:58
PP Defense
1 - 50% - 60% - 4:50
2 - 50% - 40% - 4:47
PK Forward
1 - 73% - 60% - 1:52
2 - 27% - 40% - 0:42
PK Defense
1 - 61% - 60% - 1:34
2 - 39% - 40% - 1:00
PK3 Forward
1 - 0% - 60%
2 - 0% - 40%
PK3 Defense
1 - 0% - 60%
2 - 0% - 40%
44 Forward
1 - 0% - 60%
2 - 0% - 40%
44 Defense
1 - 0% - 60%
2 - 0% - 40%
Last Minute Offensive - 0:00
Last Minute Defensive - 0:41
Total
Forward - 60:00
Defense - 60:00
|
Play-by-Play
1st period
0:01 of 1st period - Nick Bjugstad wins face-off versus Matt Duchene in neutral zone.
0:08 of 1st period - Snap shot by Derick Brassard.
0:08 of 1st period - Shot Misses the Net.
0:10 of 1st period - Snap shot by Eric Gelinas.
0:10 of 1st period - Shot Misses the Net.
0:17 of 1st period - Minor Penalty to Mikkel Boedker for Holding.
0:18 of 1st period - Quinton Howden wins face-off versus Nick Bjugstad in Panthers zone.
0:25 of 1st period - Off-side.
0:26 of 1st period - Quinton Howden wins face-off versus Nick Bjugstad in neutral zone.
0:57 of 1st period - Slapshot by Erik Gudbranson.
0:57 of 1st period - Shot Blocked by Niklas Hansson.
0:59 of 1st period - Snap shot by Jordan Martinook.
0:59 of 1st period - Shot Misses the Net.
1:01 of 1st period - Slapshot by Erik Gudbranson.
1:01 of 1st period - Goal by Erik Gudbranson - Panthers : 0 - Senateurs : 1.
1:02 of 1st period - Brandon Sutter wins face-off versus Miro Aaltonen in neutral zone.
1:54 of 1st period - Alex Pietrangelo is hit by Erik Gudbranson and loses puck.
2:38 of 1st period - Slapshot by Alex Pietrangelo.
2:38 of 1st period - Stopped by Martin Jones with a rebound.
2:40 of 1st period - Slapshot by Alex Pietrangelo.
2:40 of 1st period - Shot Misses the Net.
3:22 of 1st period - Wrist shot by Nick Bjugstad.
3:22 of 1st period - Stopped by Ville Husso without a rebound.
3:23 of 1st period - Matt Duchene wins face-off versus Derick Brassard in Panthers zone.
3:28 of 1st period - Eric Gelinas is hit by Mikkel Boedker and loses puck.
3:47 of 1st period - Kris Versteeg is hit by Michael Frolik.
3:58 of 1st period - Minor Penalty to Michael Frolik for Tripping.
3:59 of 1st period - Nick Bjugstad wins face-off versus Miro Aaltonen in Senateurs zone.
4:09 of 1st period - Derick Brassard is hit by Kirill Kaprizov and loses puck.
5:14 of 1st period - Wrist shot by Alex Pietrangelo.
5:14 of 1st period - Stopped by Martin Jones with a rebound.
5:20 of 1st period - Wrist shot by Mikkel Boedker.
5:20 of 1st period - Stopped by Martin Jones with a rebound.
5:22 of 1st period - Wrist shot by Alex Pietrangelo.
5:22 of 1st period - Shot Blocked by Ladislav Smid.
5:58 of 1st period - Penalty to Michael Frolik is over, Michael Frolik is back on ice.
6:21 of 1st period - Snap shot by Matt Duchene.
6:21 of 1st period - Stopped by Martin Jones with a rebound.
6:23 of 1st period - Snap shot by Alex Pietrangelo.
6:23 of 1st period - Shot Misses the Net.
6:25 of 1st period - Slapshot by Alex Pietrangelo.
6:25 of 1st period - Stopped by Martin Jones without a rebound.
6:26 of 1st period - Pierre-Edouard Bellemare wins face-off versus Miro Aaltonen in Senateurs zone.
6:26 of 1st period - Pierre-Edouard Bellemare is hit by Miro Aaltonen.
6:37 of 1st period - Minor Penalty to Victor Oreskovich for Holding.
6:38 of 1st period - Brandon Sutter wins face-off versus Miro Aaltonen in Panthers zone.
6:51 of 1st period - Wrist shot by Brandon Sutter.
6:51 of 1st period - Shot Misses the Net.
6:53 of 1st period - Snap shot by Ladislav Smid.
6:53 of 1st period - Shot Blocked by Dion Phaneuf.
6:55 of 1st period - Snap shot by Brandon Sutter.
6:55 of 1st period - Stopped by Ville Husso with a rebound.
8:10 of 1st period - Miro Aaltonen is hit by Ladislav Smid and loses puck.
8:37 of 1st period - Penalty to Victor Oreskovich is over, Victor Oreskovich is back on ice.
8:43 of 1st period - Slapshot by Erik Gudbranson.
8:43 of 1st period - Stopped by Ville Husso without a rebound.
8:44 of 1st period - Tomas Nosek wins face-off versus Jordan Staal in Panthers zone.
8:49 of 1st period - Slapshot by Dennis Everberg.
8:49 of 1st period - Shot Blocked by Jordan Staal.
10:37 of 1st period - Wrist shot by Mikkel Boedker.
10:37 of 1st period - Stopped by Martin Jones with a rebound.
10:39 of 1st period - Wrist shot by Mikkel Boedker.
10:39 of 1st period - Shot Blocked by Rostislav Olesz.
10:41 of 1st period - Slapshot by Kris Versteeg.
10:41 of 1st period - Stopped by Martin Jones with a rebound.
10:57 of 1st period - Snap shot by Jerry D'Amigo.
10:57 of 1st period - Stopped by Martin Jones with a rebound.
10:59 of 1st period - Slapshot by Viktor Baldayev.
10:59 of 1st period - Shot Blocked by Michael Frolik.
11:21 of 1st period - Wrist shot by Brandon Sutter.
11:21 of 1st period - Stopped by Ville Husso with a rebound.
11:23 of 1st period - Wrist shot by Jordan Martinook.
11:23 of 1st period - Stopped by Ville Husso without a rebound.
11:24 of 1st period - Pierre-Edouard Bellemare wins face-off versus Matt Duchene in Panthers zone.
11:31 of 1st period - Snap shot by Pierre-Edouard Bellemare.
11:31 of 1st period - Stopped by Ville Husso with a rebound.
11:33 of 1st period - Slapshot by William Nylander.
11:33 of 1st period - Deflect By Rostislav Olesz.
11:33 of 1st period - Stopped by Ville Husso with a rebound.
11:37 of 1st period - Snap shot by William Nylander.
11:37 of 1st period - Deflect By Rostislav Olesz.
11:37 of 1st period - Stopped by Ville Husso with a rebound.
11:39 of 1st period - Slapshot by Mark Stuart.
11:39 of 1st period - Stopped by Ville Husso without a rebound.
11:40 of 1st period - Nick Bjugstad wins face-off versus Miro Aaltonen in Panthers zone.
11:41 of 1st period - Slapshot by Derick Brassard.
11:41 of 1st period - Shot Misses the Net.
14:02 of 1st period - Snap shot by Matt Duchene.
14:02 of 1st period - Shot Misses the Net.
14:47 of 1st period - Snap shot by Jordan Martinook.
14:47 of 1st period - Stopped by Ville Husso with a rebound.
14:57 of 1st period - Slapshot by Alex Pietrangelo.
14:57 of 1st period - Deflect By Jordan Staal.
14:57 of 1st period - Stopped by Martin Jones without a rebound.
14:58 of 1st period - Jordan Staal wins face-off versus Tomas Nosek in Senateurs zone.
16:07 of 1st period - Snap shot by Matt Duchene.
16:07 of 1st period - Stopped by Martin Jones with a rebound.
17:22 of 1st period - Wrist shot by Dennis Everberg.
17:22 of 1st period - Shot Blocked by Kris Versteeg.
17:24 of 1st period - Slapshot by Tomas Nosek.
17:24 of 1st period - Senateurs goal is going for a video replay.
17:24 of 1st period - The goal is refused. The referee deems the play has been stopped, even if he had not physically had the opportunity to stop play by blowing his whistle..
17:25 of 1st period - Nick Bjugstad wins face-off versus Miro Aaltonen in Panthers zone.
17:51 of 1st period - Minor Penalty to Kirill Kaprizov for High sticking.
17:52 of 1st period - Nick Bjugstad wins face-off versus Miro Aaltonen in Panthers zone.
17:55 of 1st period - Wrist shot by Michael Frolik.
17:55 of 1st period - Shot Misses the Net.
17:57 of 1st period - Slapshot by Eric Gelinas.
17:57 of 1st period - Deflect By Nick Bjugstad.
17:57 of 1st period - Shot Misses the Net.
17:57 of 1st period - Puck is out of play.
17:58 of 1st period - Nick Bjugstad wins face-off versus Miro Aaltonen in Panthers zone.
18:01 of 1st period - Slapshot by Michael Frolik.
18:01 of 1st period - Goal by Michael Frolik - Panthers : 0 - Senateurs : 2.
18:02 of 1st period - Miro Aaltonen wins face-off versus Nick Bjugstad in neutral zone.
18:05 of 1st period - Derick Brassard is hit by Miro Aaltonen and loses puck.
18:24 of 1st period - Minor Penalty to Victor Oreskovich for Roughing.
18:25 of 1st period - Quinton Howden wins face-off versus Nick Bjugstad in Panthers zone.
18:36 of 1st period - Snap shot by Nick Bjugstad.
18:36 of 1st period - Shot Misses the Net.
18:38 of 1st period - Slapshot by Derick Brassard.
18:38 of 1st period - Goal by Derick Brassard - Panthers : 0 - Senateurs : 3.
18:39 of 1st period - Miro Aaltonen wins face-off versus Nick Bjugstad in neutral zone.
18:48 of 1st period - Wrist shot by Alex Iafallo.
18:48 of 1st period - Stopped by Martin Jones without a rebound.
18:49 of 1st period - Nick Bjugstad wins face-off versus Miro Aaltonen in Senateurs zone.
18:58 of 1st period - Slapshot by Alex Iafallo.
18:58 of 1st period - Goal by Alex Iafallo - Panthers : 1 - Senateurs : 3.
18:59 of 1st period - Nick Bjugstad wins face-off versus Miro Aaltonen in neutral zone.
19:14 of 1st period - Slapshot by Alex Pietrangelo.
19:14 of 1st period - Deflect By Eric Gelinas.
19:14 of 1st period - Stopped by Martin Jones with a rebound.
19:30 of 1st period - Off-side.
19:31 of 1st period - Pierre-Edouard Bellemare wins face-off versus Matt Duchene in neutral zone.
19:40 of 1st period - Wrist shot by Mikkel Boedker.
19:40 of 1st period - Shot Misses the Net.
19:50 of 1st period - Snap shot by Matt Duchene.
19:50 of 1st period - Stopped by Martin Jones without a rebound.
19:51 of 1st period - Miro Aaltonen wins face-off versus Nick Bjugstad in Senateurs zone.
19:54 of 1st period - Slapshot by Alex Pietrangelo.
19:54 of 1st period - Shot Misses the Net.
Goals for this period are 1 for Panthers vs 3 for Senateurs.
Shots for this period are 14 for Panthers vs 14 for Senateurs.
2nd period
0:01 of 2nd period - Nick Bjugstad wins face-off versus Matt Duchene in neutral zone.
0:14 of 2nd period - Nick Bjugstad is hit by Kris Versteeg and loses puck.
0:50 of 2nd period - Dmitry Sinitsyn is hit by Viktor Baldayev and loses puck.
1:07 of 2nd period - Minor Penalty to Taylor Chorney for Tripping.
1:08 of 2nd period - Nick Bjugstad wins face-off versus Matt Duchene in Senateurs zone.
1:21 of 2nd period - Wrist shot by Matt Duchene.
1:21 of 2nd period - Shot Misses the Net.
1:42 of 2nd period - Slapshot by Alex Pietrangelo.
1:42 of 2nd period - Goal by Alex Pietrangelo - Panthers : 2 - Senateurs : 3.
1:43 of 2nd period - Nick Bjugstad wins face-off versus Matt Duchene in neutral zone.
2:05 of 2nd period - Eric Gelinas is hit by Matt Duchene and loses puck.
2:16 of 2nd period - Wrist shot by Riley Sheahan.
2:16 of 2nd period - Stopped by Ville Husso with a rebound.
2:21 of 2nd period - Off-side.
2:22 of 2nd period - Brandon Sutter wins face-off versus Miro Aaltonen in neutral zone.
2:47 of 2nd period - Matt Duchene is hit by William Nylander and loses puck.
2:58 of 2nd period - Matt Duchene is hit by Rostislav Olesz and loses puck.
3:11 of 2nd period - Slapshot by Dion Phaneuf.
3:11 of 2nd period - Shot Misses the Net.
3:53 of 2nd period - Icing by Brandon Sutter.
3:54 of 2nd period - Miro Aaltonen wins face-off versus Brandon Sutter in Senateurs zone.
4:03 of 2nd period - Snap shot by Jordan Martinook.
4:03 of 2nd period - Stopped by Ville Husso without a rebound.
4:04 of 2nd period - Nick Bjugstad wins face-off versus Matt Duchene in Panthers zone.
4:42 of 2nd period - Backhand shot by Alex Iafallo.
4:42 of 2nd period - Deflect By Victor Oreskovich.
4:42 of 2nd period - Shot Blocked by Jordan Martinook.
4:42 of 2nd period - Puck is out of play.
4:43 of 2nd period - Jordan Staal wins face-off versus Brandon Sutter in Senateurs zone.
5:26 of 2nd period - Matt Duchene is hit by Derick Brassard and loses puck.
7:28 of 2nd period - Mark Stuart is hit by Dion Phaneuf and loses puck.
7:47 of 2nd period - Kirill Kaprizov is hit by Derick Brassard and loses puck.
7:54 of 2nd period - Snap shot by Nick Bjugstad.
7:54 of 2nd period - Shot Blocked by Alex Pietrangelo.
8:04 of 2nd period - William Nylander is hit by Niklas Hansson and loses puck.
8:31 of 2nd period - Snap shot by Tim Schaller.
8:31 of 2nd period - Shot Misses the Net.
8:33 of 2nd period - Wrist shot by Tomas Nosek.
8:33 of 2nd period - Shot Misses the Net.
8:35 of 2nd period - Slapshot by Ladislav Smid.
8:35 of 2nd period - Deflect By Miro Aaltonen.
8:35 of 2nd period - Stopped by Ville Husso with a rebound.
8:37 of 2nd period - Snap shot by Tim Schaller.
8:37 of 2nd period - Stopped by Ville Husso with a rebound.
9:11 of 2nd period - Wrist shot by Michael Frolik.
9:11 of 2nd period - Shot Misses the Net.
9:21 of 2nd period - Slapshot by Michael Frolik.
9:21 of 2nd period - Stopped by Ville Husso with a rebound.
9:23 of 2nd period - Slapshot by Dmitry Sinitsyn.
9:23 of 2nd period - Shot Blocked by Jordan Staal.
9:41 of 2nd period - Snap shot by Matt Duchene.
9:41 of 2nd period - Stopped by Martin Jones with a rebound.
9:43 of 2nd period - Wrist shot by Kris Versteeg.
9:43 of 2nd period - Shot Misses the Net.
9:45 of 2nd period - Wrist shot by Mikkel Boedker.
9:45 of 2nd period - Shot Blocked by Eric Gelinas.
10:03 of 2nd period - Slapshot by Blake Geoffrion.
10:03 of 2nd period - Shot Misses the Net.
10:05 of 2nd period - Snap shot by Jerry D'Amigo.
10:05 of 2nd period - Goal by Jerry D'Amigo - Panthers : 3 - Senateurs : 3.
10:06 of 2nd period - Nick Bjugstad wins face-off versus Matt Duchene in neutral zone.
10:19 of 2nd period - Snap shot by Derick Brassard.
10:19 of 2nd period - Stopped by Ville Husso without a rebound.
10:20 of 2nd period - Nick Bjugstad wins face-off versus Kris Versteeg in Panthers zone.
10:32 of 2nd period - Kris Versteeg is hit by Nick Bjugstad and loses puck.
10:48 of 2nd period - Kris Versteeg is hit by Derick Brassard and loses puck.
11:25 of 2nd period - Eric Gelinas is hit by Matt Duchene and loses puck.
11:36 of 2nd period - Derick Brassard is hit by Mikkel Boedker and loses puck.
11:51 of 2nd period - Slapshot by Mikkel Boedker.
11:51 of 2nd period - Stopped by Martin Jones with a rebound.
12:18 of 2nd period - Snap shot by Michael Frolik.
12:18 of 2nd period - Shot Misses the Net.
12:20 of 2nd period - Wrist shot by Erik Gudbranson.
12:20 of 2nd period - Shot Blocked by Kris Versteeg.
12:22 of 2nd period - Slapshot by Derick Brassard.
12:22 of 2nd period - Shot Blocked by Niklas Hansson.
12:24 of 2nd period - Slapshot by Erik Gudbranson.
12:24 of 2nd period - Stopped by Ville Husso with a rebound.
13:21 of 2nd period - Wrist shot by Nick Bjugstad.
13:21 of 2nd period - Shot Blocked by Mikkel Boedker.
13:23 of 2nd period - Slapshot by Eric Gelinas.
13:23 of 2nd period - Deflect By Michael Frolik.
13:23 of 2nd period - Stopped by Ville Husso with a rebound.
13:36 of 2nd period - Minor Penalty to Mikkel Boedker for Hooking.
13:37 of 2nd period - Brandon Sutter wins face-off versus Miro Aaltonen in Panthers zone.
14:48 of 2nd period - Dion Phaneuf is hit by Rostislav Olesz.
15:16 of 2nd period - Wrist shot by William Nylander.
15:16 of 2nd period - Stopped by Ville Husso with a rebound.
15:36 of 2nd period - Penalty to Mikkel Boedker is over, Mikkel Boedker is back on ice.
18:25 of 2nd period - Dennis Everberg is hit by Viktor Baldayev.
Goals for this period are 2 for Panthers vs 0 for Senateurs.
Shots for this period are 4 for Panthers vs 9 for Senateurs.
3rd period
0:01 of 3rd period - Nick Bjugstad wins face-off versus Miro Aaltonen in neutral zone.
0:10 of 3rd period - Snap shot by Nick Bjugstad.
0:10 of 3rd period - Stopped by Ville Husso with a rebound.
0:30 of 3rd period - Off-side.
0:31 of 3rd period - Brandon Sutter wins face-off versus Kris Versteeg in neutral zone.
0:54 of 3rd period - Slapshot by Ladislav Smid.
0:54 of 3rd period - Shot Misses the Net.
1:00 of 3rd period - Snap shot by Alex Iafallo.
1:00 of 3rd period - Shot Blocked by Brandon Sutter.
1:02 of 3rd period - Slapshot by Dion Phaneuf.
1:02 of 3rd period - Stopped by Martin Jones without a rebound.
1:03 of 3rd period - Michael Frolik wins face-off versus Miro Aaltonen in Senateurs zone.
1:03 of 3rd period - Michael Frolik is hit by Alex Pietrangelo.
1:29 of 3rd period - Mikkel Boedker is hit by Eric Gelinas and loses puck.
1:38 of 3rd period - William Nylander is hit by Kris Versteeg and loses puck.
1:59 of 3rd period - Slapshot by Dion Phaneuf.
1:59 of 3rd period - Stopped by Martin Jones with a rebound.
2:25 of 3rd period - Quinton Howden is hit by Mark Stuart and loses puck.
2:42 of 3rd period - Snap shot by Derick Brassard.
2:42 of 3rd period - Shot Misses the Net.
3:02 of 3rd period - Slapshot by Matt Duchene.
3:02 of 3rd period - Shot Misses the Net.
3:04 of 3rd period - Snap shot by Mikkel Boedker.
3:04 of 3rd period - Stopped by Martin Jones without a rebound.
3:05 of 3rd period - Miro Aaltonen wins face-off versus Riley Sheahan in Senateurs zone.
3:06 of 3rd period - Snap shot by Alex Pietrangelo.
3:06 of 3rd period - Shot Misses the Net.
3:28 of 3rd period - Minor Penalty to Victor Oreskovich for Holding.
3:29 of 3rd period - Quinton Howden wins face-off versus Nick Bjugstad in Panthers zone.
3:29 of 3rd period - Quinton Howden is hit by Nick Bjugstad.
3:34 of 3rd period - Off-side.
3:35 of 3rd period - Kris Versteeg wins face-off versus Nick Bjugstad in neutral zone.
3:46 of 3rd period - Snap shot by Kris Versteeg.
3:46 of 3rd period - Shot Blocked by Derick Brassard.
3:48 of 3rd period - Snap shot by Kris Versteeg.
3:48 of 3rd period - Shot Blocked by Erik Gudbranson.
3:58 of 3rd period - Niklas Hansson is hit by Erik Gudbranson.
4:20 of 3rd period - John Draeger is hit by Derick Brassard.
4:32 of 3rd period - Slapshot by Erik Gudbranson.
4:32 of 3rd period - Stopped by Ville Husso with a rebound.
4:34 of 3rd period - Snap shot by Michael Frolik.
4:34 of 3rd period - Deflect By Miro Aaltonen.
4:34 of 3rd period - Shot Misses the Net.
4:34 of 3rd period - Puck is out of play.
4:35 of 3rd period - Miro Aaltonen wins face-off versus Brandon Sutter in Panthers zone.
4:35 of 3rd period - Miro Aaltonen is hit by Brandon Sutter.
5:28 of 3rd period - Penalty to Victor Oreskovich is over, Victor Oreskovich is back on ice.
5:47 of 3rd period - Ladislav Smid is hit by Griffin Reinhart and loses puck.
6:48 of 3rd period - Derick Brassard is hit by Griffin Reinhart and loses puck.
7:13 of 3rd period - Minor Penalty to Alex Pietrangelo for Hooking.
7:14 of 3rd period - Nick Bjugstad wins face-off versus Quinton Howden in Panthers zone.
7:46 of 3rd period - Snap shot by Brandon Sutter.
7:46 of 3rd period - Deflect By Jordan Martinook.
7:46 of 3rd period - Goal by Jordan Martinook - Panthers : 3 - Senateurs : 4.
7:47 of 3rd period - Miro Aaltonen wins face-off versus Nick Bjugstad in neutral zone.
8:00 of 3rd period - Wrist shot by Derick Brassard.
8:00 of 3rd period - Stopped by Ville Husso with a rebound.
8:02 of 3rd period - Wrist shot by Derick Brassard.
8:02 of 3rd period - Shot Misses the Net.
8:04 of 3rd period - Snap shot by Michael Frolik.
8:04 of 3rd period - Stopped by Ville Husso without a rebound.
8:05 of 3rd period - Matt Duchene wins face-off versus Brandon Sutter in Panthers zone.
8:07 of 3rd period - Minor Penalty to Matt Duchene for Holding.
8:08 of 3rd period - Quinton Howden wins face-off versus Nick Bjugstad in Panthers zone.
8:20 of 3rd period - Kris Versteeg is hit by Eric Gelinas and loses puck.
10:07 of 3rd period - Penalty to Matt Duchene is over, Matt Duchene is back on ice.
10:19 of 3rd period - Quinton Howden is hit by Taylor Chorney and loses puck.
10:58 of 3rd period - Mark Stuart is hit by Miro Aaltonen and loses puck.
12:05 of 3rd period - John Draeger is hit by Erik Gudbranson and loses puck.
12:32 of 3rd period - Wrist shot by Mikkel Boedker.
12:32 of 3rd period - Stopped by Martin Jones with a rebound.
12:42 of 3rd period - Blake Geoffrion is hit by Pierre-Edouard Bellemare and loses puck.
13:07 of 3rd period - Jordan Martinook is hit by Petr Straka and loses puck.
13:39 of 3rd period - Kris Versteeg is hit by Rostislav Olesz and loses puck.
13:50 of 3rd period - Matt Duchene is hit by Dmitry Sinitsyn and loses puck.
15:19 of 3rd period - John Draeger is hit by Rostislav Olesz and loses puck.
15:24 of 3rd period - Snap shot by William Nylander.
15:24 of 3rd period - Stopped by Ville Husso without a rebound.
15:25 of 3rd period - Nick Bjugstad wins face-off versus Jordan Staal in Panthers zone.
15:42 of 3rd period - Slapshot by Nick Bjugstad.
15:42 of 3rd period - Deflect By Michael Frolik.
15:42 of 3rd period - Stopped by Ville Husso without a rebound.
15:43 of 3rd period - Matt Duchene wins face-off versus Pierre-Edouard Bellemare in Panthers zone.
16:04 of 3rd period - Pierre-Edouard Bellemare is hit by Matt Duchene and loses puck.
16:33 of 3rd period - Snap shot by Rostislav Olesz.
16:33 of 3rd period - Shot Blocked by Miro Aaltonen.
17:06 of 3rd period - Riley Sheahan is hit by Mikkel Boedker and loses puck.
17:13 of 3rd period - Wrist shot by Kris Versteeg.
17:13 of 3rd period - Shot Misses the Net.
17:29 of 3rd period - Off-side.
17:30 of 3rd period - Tomas Nosek wins face-off versus Quinton Howden in neutral zone.
17:43 of 3rd period - Jerry D'Amigo is hit by Mark Stuart and loses puck.
18:03 of 3rd period - Wrist shot by Jordan Staal.
18:03 of 3rd period - Shot Misses the Net.
18:08 of 3rd period - Off-side.
18:09 of 3rd period - Mikkel Boedker wins face-off versus Pierre-Edouard Bellemare in neutral zone.
18:35 of 3rd period - Jordan Staal is hit by Derick Brassard.
18:39 of 3rd period - Dmitry Sinitsyn is hit by Alex Pietrangelo.
18:45 of 3rd period - Panthers, Ville Husso is pulled from the net.
18:59 of 3rd period - Slapshot by Alex Pietrangelo.
18:59 of 3rd period - Shot Misses the Net.
19:01 of 3rd period - Snap shot by Kris Versteeg.
19:01 of 3rd period - Shot Misses the Net.
19:03 of 3rd period - Wrist shot by Kris Versteeg.
19:03 of 3rd period - Shot Misses the Net.
19:05 of 3rd period - Snap shot by Niklas Hansson.
19:05 of 3rd period - Stopped by Martin Jones with a rebound.
19:07 of 3rd period - Snap shot by Matt Duchene.
19:07 of 3rd period - Stopped by Martin Jones without a rebound.
19:08 of 3rd period - Alain Vigneault call a timeout for Panthers.
19:08 of 3rd period - Matt Duchene wins face-off versus Nick Bjugstad in Senateurs zone.
19:23 of 3rd period - Wrist shot by Matt Duchene.
19:23 of 3rd period - Shot Misses the Net.
19:25 of 3rd period - Snap shot by Matt Duchene.
19:25 of 3rd period - Stopped by Martin Jones without a rebound.
19:26 of 3rd period - Matt Duchene wins face-off versus Nick Bjugstad in Senateurs zone.
19:31 of 3rd period - Snap shot by Mikkel Boedker.
19:31 of 3rd period - Shot Misses the Net.
19:33 of 3rd period - Snap shot by Kris Versteeg.
19:33 of 3rd period - Goal by Kris Versteeg - Panthers : 4 - Senateurs : 4.
19:33 of 3rd period - Ville Husso from Panthers was sent back in the game.
19:34 of 3rd period - Pierre-Edouard Bellemare wins face-off versus Jordan Staal in neutral zone.
19:49 of 3rd period - Backhand shot by Alex Pietrangelo.
19:49 of 3rd period - Shot Misses the Net.
Goals for this period are 1 for Panthers vs 1 for Senateurs.
Shots for this period are 8 for Panthers vs 7 for Senateurs.
Overtime #1
0:01 of 1st overtime period - Derick Brassard wins face-off versus Matt Duchene in neutral zone.
0:13 of 1st overtime period - Snap shot by Derick Brassard.
0:13 of 1st overtime period - Stopped by Ville Husso with a rebound.
0:35 of 1st overtime period - Slapshot by Alex Pietrangelo.
0:35 of 1st overtime period - Stopped by Martin Jones with a rebound.
0:37 of 1st overtime period - Snap shot by Alex Iafallo.
0:37 of 1st overtime period - Goal by Alex Iafallo - Panthers : 5 - Senateurs : 4.
Goals for this period are 1 for Panthers vs 0 for Senateurs.
Shots for this period are 2 for Panthers vs 1 for Senateurs.